 Dungeon Crawl Stone Soup version 0.21-a0-444-g29a2fec (webtiles) character file.

5439 Gruud the Basher (level 10, -33/67 HPs)
             Began as a Demonspawn Gladiator on Nov 16, 2017.
             Was a Priest of Dithmenos.
             Killed from afar by Erolcha (60 damage)
             ... with a crystal spear
             ... on level 10 of the Dungeon on Nov 17, 2017.
             The game lasted 00:41:13 (10739 turns).

Gruud the Basher (Demonspawn Gladiator)            Turns: 10739, Time: 00:41:14

Health: -33/67     AC: 17    Str: 23    XL:     10   Next: 41%
Magic:  10/10      EV:  8    Int: 11    God:    Dithmenos [***...]
Gold:   492        SH:  0    Dex: 16    Spells: 7/9 levels left

rFire    . . .     SeeInvis +   a - +0 flail
rCold    + . .     Gourm    .   (no shield)
rNeg     . . .     Faith    .   O - +2 plate armour {MR+}
rPois    +         Spirit   .   (helmet unavailable)
rElec    .         Reflect  .   (no cloak)
rCorr    .         Harm     .   (no gloves)
MR       +....                  (no boots)
Stlth    ..........             y - amulet of regeneration
HPRegen  0.61/turn              q - +3 ring of strength
MPRegen  0.12/turn              x - ring of poison resistance

@: mighty, wreathed by umbra
A: antennae 3, yellow scales 1, cold resistance 1, demonic guardian 1, powered
by pain 1
a: Shadow Step, Renounce Religion


You were on level 10 of the Dungeon.
You worshipped Dithmenos.
Dithmenos was most pleased with you.
You were hungry.

You visited 2 branches of the dungeon, and saw 11 of its levels.

You collected 492 gold pieces.

Inventory:

Hand Weapons
 a - a +0 flail (weapon)
 M - a cursed -2 blowgun
Missiles
 d - a throwing net
 i - 2 javelins of returning (quivered)
 p - 2 silver tomahawks
 G - 18 sling bullets
 L - 3 curare-tipped needles
Armour
 O - a +2 plate armour of magic resistance (worn)
Jewellery
 c - an uncursed ring of ice
 h - an uncursed ring of stealth
 q - a +3 ring of strength (left hand)
 x - a ring of poison resistance (right hand)
 y - an amulet of regeneration (around neck)
Wands
 J - a wand of scattershot (5/9)
Scrolls
 b - 4 scrolls of recharging
 e - 3 scrolls of teleportation
 g - 5 scrolls of remove curse
 m - a scroll of enchant weapon
 r - a scroll of fear {unknown}
 v - a scroll of amnesia {unknown}
 w - a scroll of identify
 E - a scroll of magic mapping
 N - 2 scrolls of blinking
Potions
 k - a potion of haste
 l - 6 potions of heal wounds
 s - 3 potions of lignification
 t - 2 potions of curing
 u - 2 potions of flight
 z - 2 potions of might
 A - a potion of ambrosia
 B - 3 potions of mutation
 D - 2 potions of brilliance
 H - a potion of agility
Books
 C - a book of Debilitation

   Spells                             Type                      Level
   a - Corona                         Hexes                        1
   b - Slow                           Hexes                        2
   c - Inner Flame                    Hexes/Fire                   3
   d - Portal Projectile              Hexes/Translocation          3
   e - Cause Fear                     Hexes                        4
   f - Leda's Liquefaction            Hexes/Earth                  4
 K - a book of Geomancy

   Spells                             Type                      Level
   a - Sandblast                      Earth                        1
   b - Passwall                       Transmutation/Earth          2
   c - Stone Arrow                    Conjuration/Earth            3
   d - Petrify                        Transmutation/Earth          4
   e - Lee's Rapid Deconstruction     Earth                        5
Miscellaneous
 o - a lightning rod (4/4)
Comestibles
 f - 6 bread rations
 j - 3 royal jellies
 n - 6 meat rations
 F - a chunk of flesh
 I - 8 fruits


   Skills:
 - Level 2.0 Fighting
 * Level 12.1 Maces & Flails
 - Level 1.7 Throwing
 + Level 7.5 Armour
 - Level 2.6 Dodging


You had 7 spell levels left.
You knew the following spells:

 Your Spells              Type           Power        Failure   Level  Hunger
a - Blink                 Tloc           N/A          100%        2    ###....


Dungeon Overview and Level Annotations

Branches:
Dungeon (10/15)            Temple (1/1) D:5            Lair (0/6) D:8
    Orc (0/2) D:9

Altars:
Ashenzari
Cheibriados
Dithmenos
Kikubaaqudgha
Makhleb
Okawaru
Qazlal
Ru
Sif Muna
Uskayaw
Xom
Yredelemnul
Zin
The Shining One

Shops:
D:6 =

Annotations:
D:5 1 runed door
D:9 theanonym's ghost, novice VSFi
D:10 Erolcha


Innate Abilities, Weirdness & Mutations

You have a pair of large antennae on your head. (SInv)
You are partially covered in yellow scales. (AC +2)
Your flesh is cold resistant. (rC+)
A weak demonic guardian rushes to your aid.
You sometimes gain a little power by taking damage.


Message History

You hit Erolcha but do no damage.
Erolcha is moderately wounded.
Erolcha hits you with a giant club.
Your plate armour prevents you from hitting Erolcha.
Erolcha is moderately wounded.
Your iron imp hits Erolcha.
Erolcha barely misses you.
You are feeling hungry.
You sock Erolcha!
Erolcha is heavily wounded.
Erolcha hits you with a giant club!!
You focus on the pain.
You feel very mighty all of a sudden.
You sock Erolcha!
Erolcha is severely wounded.
Your iron imp hits Erolcha.
You closely miss Erolcha.
Erolcha is severely wounded.
Erolcha points at you and mumbles some strange words.
The crystal spear hits you!
Ouch! That really hurt!
You die...

..%.%.
#..P.. ...#
#..# #..#
#..# #..#
#..# #O.#
#@5# #..#
########..#
..........#
########..#
#..# #..#
#..#
########..#


You could see Erolcha and a friendly iron imp.

Vanquished Creatures
  2 two-headed ogres (D:9)
  3 hippogriffs
  4 orc warriors
  3 phantoms (D:9)
  2 ice beasts
  2 sky beasts
  4 ogres
  3 centaurs
  2 big kobolds (D:8)
  5 bullfrogs
  A troll zombie (D:9)
  4 scorpions
  A howler monkey (D:9)
  2 crimson imps (D:6)
  A bullfrog zombie (D:6)
  2 centaur zombies
  3 hounds (D:4)
  4 orc priests
  2 bullfrog skeletons
  4 iguanas
  10 worker ants
  5 orc wizards
  4 ogre zombies (D:9)
  A hound zombie (D:8)
  A hound skeleton (D:10)
  A worker ant zombie (D:9)
  3 gnolls (D:4)
  12 adders
  A shadow imp (D:10)
  An ooze (D:1)
  An adder skeleton (D:8)
  An adder zombie (D:7)
  3 worms
  5 dart slugs
  8 leopard geckos
  24 orcs
  6 giant cockroaches
  7 goblins
  8 hobgoblins
  8 jackals
  3 quokkas
  A ball python (D:1)
  10 bats
  6 frilled lizards
  2 goblin zombies (D:9)
  3 hobgoblin skeletons (D:9)
  5 hobgoblin zombies (D:9)
  35 kobolds
  A leopard gecko skeleton (D:4)
  4 orc skeletons (D:9)
  4 orc zombies (D:9)
  7 rats
245 creatures vanquished.

Vanquished Creatures (collateral kills)
  A hungry ghost (D:9)
  The ghost of pedritolo the Gusty, an amateur TeAE (D:4)
  A centaur (D:7)
  2 bullfrogs (D:6)
  A hound (D:7)
  An iguana (D:7)
  An ogre zombie (D:9)
  A hound skeleton (D:4)
  2 orcs
  A jackal (D:7)
  A quokka (D:7)
  An orc zombie (D:9)
14 creatures vanquished.

Vanquished Creatures (others)
  3 plants (D:8)
3 creatures vanquished.

Grand Total: 262 creatures vanquished

Notes
Turn   | Place    | Note
-------+----------+-------------------------------------------
     0 | D:1      | Gruud the Demonspawn Gladiator began the quest for the Orb.
     0 | D:1      | Reached XP level 1. HP: 16/16 MP: 1/1
   111 | D:1      | Reached skill level 3 in Maces & Flails
   117 | D:1      | Gained mutation: A weak demonic guardian rushes to your aid. [demonic ancestry]
   117 | D:1      | Reached XP level 2. HP: 21/22 MP: 2/2
   490 | D:1      | Reached XP level 3. HP: 27/27 MP: 3/3
   602 | D:1      | Reached skill level 4 in Maces & Flails
  1162 | D:2      | Gained mutation: You sometimes gain a little power by taking damage. [demonic ancestry]
  1162 | D:2      | Reached XP level 4. HP: 31/33 MP: 4/4
  1514 | D:2      | Found a burning altar of Makhleb.
  1711 | D:3      | Found a glowing golden altar of the Shining One.
  1711 | D:3      | Found an ancient bone altar of Kikubaaqudgha.
  1716 | D:3      | Found a hide-covered altar of Uskayaw.
  1719 | D:3      | Found a shattered altar of Ashenzari.
  1721 | D:3      | Found a faded altar of an unknown god.
  1836 | D:3      | Found a stormy altar of Qazlal.
  1861 | D:3      | Reached skill level 5 in Maces & Flails
  2103 | D:3      | Gained mutation: You have a pair of small antennae on your head. [demonic ancestry]
  2103 | D:3      | Reached XP level 5. HP: 33/38 MP: 5/5
  2642 | D:4      | Reached skill level 6 in Maces & Flails
  2860 | D:4      | Gained mutation: You have a pair of antennae on your head. [demonic ancestry]
  2860 | D:4      | Reached XP level 6. HP: 19/44 MP: 6/6
  3095 | D:4      | Reached skill level 1 in Armour
  3096 | D:4      | Noticed pedritolo's ghost (amateur TeAE)
  3493 | D:4      | Killed pedritolo's ghost
  3493 | D:4      | Reached skill level 7 in Maces & Flails
  3493 | D:4      | Gained mutation: You have a pair of large antennae on your head. (SInv) [demonic ancestry]
  3493 | D:4      | Reached XP level 7. HP: 49/50 MP: 7/7
  3934 | D:5      | Entered Level 5 of the Dungeon
  4584 | D:5      | Found a staircase to the Ecumenical Temple.
  4622 | Temple   | Entered the Ecumenical Temple
  4640 | Temple   | Became a worshipper of Dithmenos the Shadowed
  4673 | D:5      | Reached skill level 8 in Maces & Flails
  4913 | D:5      | Found a runed door.
  5045 | D:5      | Got a scorched wooden ring
  5049 | D:5      | Identified the ring "Tyggeich" {*Slow Dex+7 Stlth-} (You found it on level 5 of the Dungeon)
  5383 | D:6      | Reached XP level 8. HP: 51/56 MP: 8/8
  5421 | D:6      | Found Duacek's Jewellery Shoppe.
  6386 | D:7      | Noticed a hippogriff
  6399 | D:7      | Killed a hippogriff
  6517 | D:7      | Reached skill level 9 in Maces & Flails
  6565 | D:7      | Upgraded the game from 0.21-a0-442-g848f44b to 0.21-a0-444-g29a2fec
  6686 | D:7      | Reached * piety under Dithmenos
  7090 | D:7      | Noticed a hippogriff
  7106 | D:7      | Killed a hippogriff
  7361 | D:7      | Reached skill level 5 in Armour
  7385 | D:7      | Gained mutation: You are partially covered in yellow scales. (AC +2) [demonic ancestry]
  7385 | D:7      | Reached XP level 9. HP: 58/61 MP: 9/9
  7501 | D:7      | Reached skill level 10 in Maces & Flails
  7655 | D:8      | Found a staircase to the Lair.
  8594 | D:8      | Reached ** piety under Dithmenos
  9498 | D:9      | Noticed a two-headed ogre
  9517 | D:8      | Reached skill level 11 in Maces & Flails
  9670 | D:9      | Noticed a two-headed ogre
  9688 | D:9      | Killed a two-headed ogre
  9741 | D:9      | Gained mutation: Your flesh is cold resistant. (rC+) [demonic ancestry]
  9741 | D:9      | Reached XP level 10. HP: 64/67 MP: 10/10
  9771 | D:9      | Killed a two-headed ogre
  9917 | D:9      | Noticed theanonym's ghost (novice VSFi)
 10122 | D:9      | Learned a level 2 spell: Blink
 10216 | D:9      | Reached *** piety under Dithmenos
 10293 | D:9      | Found a staircase to the Orcish Mines.
 10353 | D:9      | Reached skill level 12 in Maces & Flails
 10655 | D:10     | Entered Level 10 of the Dungeon
 10729 | D:10     | Noticed Erolcha
 10739 | D:10     | Killed from afar by Erolcha

Vault maps used:
D:1:      sevenhm_arrival_forest_fort_small_3
D:2:      marbit_many_paths, kennysheep_big_empty_room
D:3:      lemuel_round_altar, chequers_temple_overflow_minitemple, first_bread,
          corexii_shack
D:5:      minmay_temple_entry_crystal_x, item_on_display_a,
          uniq_crazy_yiuf_cottage
D:6:      serial_shops, shop
D:8:      kennysheep_kobold_camp, lair_entry_dummy, serial_bayou_lagoon_a,
          sigmund_army
D:9:      zombieorc1_lemuel
D:10:     serial_shops, nicolae_shop_temple_entry_statues_fountains,
          blue_anna_alchemist, uniq_erolcha
Temple:   eino_temple_rhombus

Skill      XL: |  1  2  3  4  5  6  7  8  9 10 |
---------------+-------------------------------+-----
Maces & Flails | 3 4 5 6 7 8 9 11 12 | 12.1
Armour         | 1 3 5 6 7 |  7.5
Fighting       | |  2.0
Throwing       | |  1.7
Dodging        | |  2.6

Action                   |  1- 3 |  4- 6 |  7- 9 | 10-12 || total
-------------------------+-------+-------+-------+-------++-------
Melee: Flail             |   116 |   226 |   606 |   233 ||  1181
Throw: Javelin           |       |    18 |    13 |     4 ||    35
       Throwing net      |       |       |     5 |       ||     5
  Use: Scroll            |       |    13 |     6 |     3 ||    22
       Potion            |       |       |       |     1 ||     1
 Stab: Sleeping          |     4 |       |       |       ||     4
       Distracted        |       |       |     2 |     3 ||     5
       Held in net/web   |       |       |     5 |       ||     5
  Eat: Chunk             |     1 |     8 |    18 |     3 ||    30
       Royal jelly       |       |       |     1 |     1 ||     2
Armor: Leather armour    |    27 |       |       |       ||    27
       Chain mail        |    68 |   147 |   101 |       ||   316
       Plate armour      |       |       |   192 |    88 ||   280
Dodge: Dodged            |    68 |   125 |   218 |    74 ||   485

Table legend:
 A = Spawn XP
 B = Non-spawn XP
 C = Spawn XP percentage of total XP
 D = Spawn monster count
 E = Non-spawn monster count
 F = Spawn count percentage of total count
 G = Total turns spent on level
                    A         B        C        D         E        F      G
               +---------+---------+-------+---------+---------+-------+---------
         Total |       0 |    7771 |   0.0 |       0 |     259 |   0.0 | 10739
               +---------+---------+-------+---------+---------+-------+---------
           D:1 |       0 |      61 |   0.0 |       0 |      32 |   0.0 |   977
           D:2 |       0 |      68 |   0.0 |       0 |      23 |   0.0 |   688
           D:3 |       0 |      86 |   0.0 |       0 |      23 |   0.0 |   695
           D:4 |       0 |     743 |   0.0 |       0 |      28 |   0.0 |  1574
           D:5 |       0 |     356 |   0.0 |       0 |      13 |   0.0 |  1299
           D:6 |       0 |     306 |   0.0 |       0 |       6 |   0.0 |   988
           D:7 |       0 |    1431 |   0.0 |       0 |      31 |   0.0 |  1405
           D:8 |       0 |    1649 |   0.0 |       0 |      55 |   0.0 |  2060
           D:9 |       0 |    2834 |   0.0 |       0 |      43 |   0.0 |   940
          D:10 |       0 |     237 |   0.0 |       0 |       5 |   0.0 |    84
               +---------+---------+-------+---------+---------+-------+---------
